 Dungeon Crawl Stone Soup version 0.25-a0-547-g27a0b5d (webtiles) character file.

Game seed: 1570103595835892811, levelgen mode: deterministic

4881 relicbr the Geomancer (level 10, -5/50 HPs)
             Began as a Gargoyle Earth Elementalist on Feb 21, 2020.
             Was a Priest of Vehumet.
             Slain by a two-headed ogre
             ... wielding a +0 giant spiked club
              (31 damage)
             ... on level 9 of the Dungeon.
             The game lasted 00:19:25 (7684 turns).

relicbr the Geomancer (Gargoyle Earth Elementalist) Turns: 7684, Time: 00:19:26

Health: -5/50      AC: 12    Str: 13    XL:     10   Next: 50%
Magic:  5/24       EV: 14    Int: 20    God:    Vehumet [***...]
Gold:   96         SH:  0    Dex: 10    Spells: 20/29 levels left

rFire    . . .     SeeInvis .   b - +2 dagger (drain)
rCold    . . .     Gourm    .   (no shield)
rNeg     + . .     Faith    .   F - +0 troll leather armour
rPois    ∞         Spirit   .   (no helmet)
rElec    +         Reflect  .   (no cloak)
rCorr    .         Harm     .   G - +0 pair of gloves
MR       .....                  (no boots)
Stlth    +.........             (no amulet)
HPRegen  0.56/turn              D - +3 ring of evasion
MPRegen  0.19/turn              p - +2 ring of intelligence

@: heavily drained
A: negative energy resistance 1, electricity resistance, unbreathing,
petrification resistance, rot immunity, AC +7
a: Renounce Religion


You were on level 9 of the Dungeon.
You worshipped Vehumet.
Vehumet was most pleased with you.
You were hungry.

You visited 2 branches of the dungeon, and saw 10 of its levels.
You also visited: Ossuary.

You collected 390 gold pieces.
You spent 294 gold pieces at shops.

Inventory:

Hand Weapons
 b - a +2 dagger of draining (weapon)
Missiles
 g - 23 stones (quivered)
Armour
 u - the +4 robe of Trial and Error {*Drain rN+ Str+4}
   (You found it on level 4 of the Dungeon)

   It affects your strength (+4).
   It protects you from negative energy.
   It causes draining when unequipped.
   If you switch to wearing this armour, your AC will increase by 2 (12 -> 14).
 x - a +0 kite shield
 F - a +0 troll leather armour (worn)
 G - a +0 pair of gloves (worn)
Jewellery
 i - an uncursed ring of stealth
 p - a +2 ring of intelligence (right hand)
 D - a +3 ring of evasion (left hand)
Wands
 f - a wand of flame (19)
 l - a wand of digging (5)
 B - a wand of enslavement (4)
 C - a wand of polymorph (10)
 E - a wand of acid (3)
Scrolls
 a - 3 scrolls of fear
 h - 9 scrolls of teleportation
 n - 5 scrolls of enchant weapon
 q - 3 scrolls of amnesia
 t - 3 scrolls of remove curse
 y - 2 scrolls of magic mapping
 z - a scroll of blinking
Potions
 c - 2 potions of might
 e - a potion of berserk rage
 j - 5 potions of heal wounds
 k - 2 potions of flight {unknown}
 m - a potion of invisibility {unknown}
 o - 2 potions of stabbing {unknown}
 r - 6 potions of curing
 s - 2 potions of resistance {unknown}
 w - a potion of degeneration {unknown}
 A - 2 potions of mutation {unknown}
Comestibles
 d - 10 rations
 v - 6 chunks of flesh


   Skills:
 - Level 1.5(0.4) Dodging
 - Level 2.1(1.0) Stealth
 - Level 10.0(8.6) Spellcasting
 * Level 8.1(6.8) Conjurations
   Level 0.7(0.0) Transmutations
 - Level 10.0(8.7) Earth Magic


You had 20 spell levels left.
You knew the following spells:

 Your Spells              Type           Power        Failure   Level  Hunger
a - Sandblast             Erth           #####.       1%          1    None
b - Stone Arrow           Conj/Erth      #####.       1%          3    None
c - Lee's Rapid Deconstr  Erth           #####.....   2%          5    #####..

Your spell library contained the following spells:

 Spells                   Type           Power        Failure   Level  Hunger
 Inner Flame              Hex/Fire       #.......     9%          3    None
 Passwall                 Tmut/Erth      ####....     2%          2    None
 Petrify                  Tmut/Erth      ####....     17%         4    ###....


Dungeon Overview and Level Annotations

Branches:
Dungeon (8/15)             Temple (1/1) D:4         Ossuary (visited)
   Lair: D:8-11

Altars:
Ashenzari
Cheibriados
Dithmenos
Elyvilon
Fedhas
Gozag
Hepliaklqana
Kikubaaqudgha
Makhleb
Nemelex Xobeh
Okawaru
Qazlal
Ru
Sif Muna
Trog
Uskayaw
Vehumet
Wu Jian
Xom
Yredelemnul
Zin
The Shining One

Shops:
D:7 =:


Innate Abilities, Weirdness & Mutations

You are resistant to torment.
Your stone body is resilient. (AC +7)
You are immune to poison.
You resist negative energy. (rN+)
You are resistant to electric shocks. (rElec)
You can survive without breathing.
You are immune to petrification.
You are immune to rotting.


Message History

The stone arrow hits the two-headed ogre!!
The two-headed ogre is severely wounded.
The two-headed ogre hits you but does no damage.
The two-headed ogre hits you with a +0 giant spiked club!!
Casting: Stone Arrow (safe; 1% risk of failure)
Confirm with . or Enter, or press ? or * to list all spells.
Aiming: Stone Arrow (safe; 1% risk of failure)
Press: ? - help, Shift-Dir - straight line, f/p - two-headed ogre
Aim: a two-headed ogre, wielding two +0 giant spiked clubs (severely wounded)
The stone arrow misses the two-headed ogre.
Casting: Stone Arrow (safe; 1% risk of failure)
Confirm with . or Enter, or press ? or * to list all spells.
Aiming: Stone Arrow (safe; 1% risk of failure)
Press: ? - help, Shift-Dir - straight line, f/p - two-headed ogre
Aim: a two-headed ogre, wielding two +0 giant spiked clubs (severely wounded)
The stone arrow hits the two-headed ogre!
The two-headed ogre is severely wounded.
The two-headed ogre hits you with a +0 giant spiked club!!
Ouch! That really hurt!
You die...

...# #.)#.........#
...# #.##....(....#
...# #.##.<........
...####.##.........#
...'..(.##.........#
...#########.#######
...# #....# +###
####.## #.@# ##O#
#'# .## .. ... ....
#+###


You could see a two-headed ogre.

Vanquished Creatures
  2 two-headed ogres
  Joseph (D:7)
  A troll (D:8)
  A hornet (D:9)
  A hippogriff (D:8)
  An orc warrior (D:7)
  An ice beast (D:5)
  A black bear (D:6)
  2 sky beasts (D:7)
  2 ogres
  A necrophage (D:7)
  The ghost of datjocko the Chopper, an amateur FoAK of Lugonu (D:3)
  4 centaurs
  A bullfrog (D:7)
  5 water moccasin zombies (Ossuary)
  A scorpion (D:7)
  A water moccasin skeleton (D:4)
  4 killer bees (D:7)
  2 howler monkeys (D:8)
  4 crimson imps
  A hound (D:6)
  3 centaur skeletons
  5 orc wizards
  An orc priest (D:9)
  4 jellies
  An iguana (D:6)
  2 worker ants
  A big kobold zombie (Ossuary)
  2 hound zombies
  3 hound skeletons
  3 mummies
  4 adders
  A howler monkey skeleton (D:4)
  2 adder skeletons (D:6)
  7 adder zombies
  4 worms
  3 dart slugs
  4 leopard geckos
  23 orcs
  3 bats
  4 giant cockroaches
  A gnoll zombie (Ossuary)
  9 goblins
  5 hobgoblins
  8 jackals
  2 quokkas (D:4)
  3 ball pythons
  5 frilled lizards
  6 hobgoblin zombies (Ossuary)
  4 kobolds
  5 kobold zombies (Ossuary)
  4 orc zombies (Ossuary)
  A quokka skeleton (D:4)
  9 rats
180 creatures vanquished.

Vanquished Creatures (others)
  A jackal (D:8)
1 creature vanquished.

Grand Total: 181 creatures vanquished

Notes
Turn   | Place    | Note
-------+----------+-------------------------------------------
     0 | D:1      | relicbr the Gargoyle Earth Elementalist began the quest for
                  | the Orb.
     0 | D:1      | Reached XP level 1. HP: 10/10 MP: 3/3
   160 | D:1      | Reached XP level 2. HP: 15/15 MP: 3/5
   783 | D:2      | Found a sparkling altar of Nemelex Xobeh.
   797 | D:2      | Reached skill level 5 in Earth Magic
   797 | D:2      | Reached XP level 3. HP: 19/19 MP: 3/6
  1161 | D:2      | Learned a level 3 spell: Stone Arrow
  1274 | D:3      | Reached XP level 4. HP: 24/24 MP: 2/7
  1955 | D:3      | Reached XP level 5. HP: 26/28 MP: 8/8
  2122 | D:3      | Found a runed translucent gate.
  2123 | D:3      | Found a runed translucent gate.
  2126 | D:3      | Found a runed translucent gate.
  2135 | D:3      | Noticed datjocko's ghost (amateur FoAK)
  2144 | D:3      | Killed datjocko's ghost
  2347 | D:4      | Noticed an ogre
  2353 | D:4      | Killed an ogre
  2353 | D:4      | Reached XP level 6. HP: 32/32 MP: 4/9
  2565 | D:4      | Got a slimy robe
  2576 | D:4      | Identified the +4 robe of Trial and Error {*Drain rN+
                  | Str+4} (You found it on level 4 of the Dungeon)
  2874 | D:4      | Found a staircase to the Ecumenical Temple.
  2880 | Temple   | Entered the Ecumenical Temple
  3061 | Temple   | Became a worshipper of Vehumet
  3267 | D:4      | Reached XP level 7. HP: 36/36 MP: 10/10
  3359 | D:5      | Entered Level 5 of the Dungeon
  3497 | D:5      | Found a sand-covered staircase.
  3513 | Ossuary  | Entered an ossuary
  3673 | Ossuary  | Reached skill level 10 in Earth Magic
  3775 | Ossuary  | Reached skill level 1 in Conjurations
  3777 | Ossuary  | Reached * piety under Vehumet
  3777 | Ossuary  | Offered knowledge of Freeze by Vehumet.
  3987 | Ossuary  | Reached XP level 8. HP: 41/41 MP: 6/13
  4384 | D:5      | Noticed a +0 dagger
  4384 | D:5      | Noticed a +0 hand axe
  4386 | D:5      | Found a hide-covered altar of Uskayaw.
  5132 | D:6      | Offered knowledge of Magic Dart by Vehumet.
  5193 | D:6      | Learned a level 5 spell: Lee's Rapid Deconstruction
  5223 | D:6      | Reached ** piety under Vehumet
  5412 | D:6      | Noticed a two-headed ogre
  5419 | D:6      | Killed a two-headed ogre
  5419 | D:6      | Reached skill level 5 in Conjurations
  5419 | D:6      | Reached XP level 9. HP: 45/45 MP: 3/18
  6000 | D:7      | Offered knowledge of Inner Flame by Vehumet.
  6247 | D:7      | Found Iqetogh's Book Shop.
  6266 | D:7      | Found a burning altar of Makhleb.
  6268 | D:7      | Noticed an Executioner
  6270 | D:7      | Found a glowing silver altar of Zin.
  6270 | D:7      | Noticed an angel
  6860 | D:7      | Noticed Joseph
  6868 | D:7      | Killed Joseph
  6992 | D:7      | Found Bunuelor's Jewellery Emporium.
  6995 | D:7      | Bought a +3 ring of evasion for 294 gold pieces
  7260 | D:8      | Reached XP level 10. HP: 50/50 MP: 12/22
  7318 | D:8      | Noticed a two-headed ogre
  7324 | D:8      | Killed a two-headed ogre
  7390 | D:8      | Reached *** piety under Vehumet
  7571 | D:8      | You fall into a shaft and drop 1 floor!
  7657 | D:9      | Reached skill level 10 in Spellcasting
  7676 | D:9      | Noticed a two-headed ogre
  7684 | D:9      | Slain by a two-headed ogre

Levels and vault maps discovered:
D:1:      saegor_arrival_simple_c, layout_basic, minivault_25
D:2:      layout_rooms, nemelex_xobeh_ov_fountains_minmay
D:3:      layout_rooms, first_ration, ebering_ghost_rock_garden,
          minmay_quadrilaterals
D:4:      minmay_razor_zed, layout_basic, minmay_temple_entry_arrows,
          grunt_ministairs_8, hex_tiny
D:5:      layout_loops_ring, dancing_weapons_uskayaw, gup_ossuary_entry_pyramid,
          nrook_uturn, minmay_misc_feat_chi
D:6:      layout_loops_ring
D:7:      layout_basic, grunt_temple_overflow_order_and_chaos_2, serial_shops,
          shop, nicolae_shop_behind_doors, uniq_joseph
D:8:      layout_gridville, special_room [special_room_orc],
          nicolae_ru_the_path_less_chosen
D:9:      layout_roguey, grunt_livestock
Temple:   eino_narrow_crystal_temple

Skill      XL: |  1  2  3  4  5  6  7  8  9 10 |
---------------+-------------------------------+-----
Earth Magic    | 4 5 6 8 9 10 | 10.0
Conjurations   | 2 5 6 8 |  8.1
Spellcasting   | 3 6 8 10 | 10.0
Dodging        | |  1.5
Stealth        | |  2.1
Transmutations | |  0.7

Action                   |  1- 3 |  4- 6 |  7- 9 | 10-12 || total
-------------------------+-------+-------+-------+-------++-------
Melee: Short sword       |    43 |    48 |       |       ||    91
       Dagger            |       |    93 |   203 |    10 ||   306
 Cast: Sandblast         |    32 |    15 |    41 |     6 ||    94
       Stone Arrow       |       |     1 |    77 |    25 ||   103
       Lee's Rapid Decon |       |       |     2 |     1 ||     3
Evoke: Wand              |       |       |     7 |     6 ||    13
  Use: Scroll            |     6 |       |     7 |       ||    13
 Stab: Sleeping          |     2 |    11 |     3 |       ||    16
  Eat: Chunk             |     2 |     6 |    14 |     1 ||    23
       Ration            |       |       |     1 |       ||     1
Armor: Leather armour    |    20 |    49 |       |       ||    69
       Robe              |       |    15 |    90 |     2 ||   107
       Troll leather arm |       |       |       |     7 ||     7
Dodge: Dodged            |    33 |   103 |   130 |    17 ||   283

Table legend:
 A = Non-vault XP
 B = Vault XP
 C = Vault XP percentage of total XP
 D = Non-vault monster count
 E = Vault monster count
 F = Vault count percentage of total count
                 A         B        C        D         E       F
            +---------+---------+-------+---------+---------+-------
      Total |    5776 |    1197 |  17.2 |     134 |      46 |  25.6
            +---------+---------+-------+---------+---------+-------
        D:1 |      23 |       0 |   0.0 |      12 |       0 |   0.0
        D:2 |      64 |       0 |   0.0 |      23 |       0 |   0.0
        D:3 |      81 |     122 |  60.1 |      13 |       6 |  31.6
        D:4 |     267 |      74 |  21.7 |       9 |       8 |  47.1
        D:5 |     300 |      18 |   5.7 |      12 |       1 |   7.7
        D:6 |    1270 |       0 |   0.0 |      24 |       0 |   0.0
        D:7 |    1414 |     475 |  25.1 |      24 |       1 |   4.0
        D:8 |    1880 |       0 |   0.0 |      10 |       0 |   0.0
        D:9 |     477 |       0 |   0.0 |       7 |       0 |   0.0
    Ossuary |       0 |     508 | 100.0 |       0 |      30 | 100.0
            +---------+---------+-------+---------+---------+-------
